 Dungeon Crawl Stone Soup version 0.20-a0-390-g4892b34 (webtiles) character file.

1220 BearKnight92 the Magician (level 8, 0/91 HPs)
             Began as a Purple Draconian Fire Elementalist on Dec 30, 2016.
             Shot with an arrow by a centaur (4 damage)
             ... on level 6 of the Dungeon.
             The game lasted 00:55:07 (3543 turns).

BearKnight92 the Magician (DrFE)                    Turns: 3543, Time: 00:55:07

Health: 0/91       AC: 24    Str:  8    XL:     8   Next: 23%
Magic:  6/16       EV:  2    Int: 18    God:
Gold:   233        SH:  0    Dex: 15    Spells: 8/18 levels left

rFire  + . .     SeeInvis .     e - +0 short sword
rCold  + . .     Gourm    .     (armour unavailable)
rNeg   + + +     Faith    .     (no shield)
rPois  +         Spirit   .     (helmet currently unavailable)
rElec  +         Reflect  .     (cloak currently unavailable)
rCorr  +         Harm     .     (gloves currently unavailable)
MR     +....     NoTele   +     (boots currently unavailable)
Stlth  +++.......               y - amulet of magic regeneration
                                x - ring of resist corrosion
                                l - ring of wizardry

@: agile, tree-form, resistant, very slightly contaminated
A: (breathe power), unfitting armour, clumsy 1, weak 1, wild magic 1,
(cold-blooded), AC +6
a: no special abilities


You were on level 6 of the Dungeon.
You were near starving.
You were a tree.
You visited 1 branch of the dungeon, and saw 6 of its levels.

You collected 233 gold pieces.

Inventory:

Hand Weapons
 e - a +0 short sword (weapon)
Armour
 w - a +1 cloak of poison resistance (melded)
 B - a +0 cloak
Jewellery
 l - a ring of wizardry (left branch)
 x - a ring of resist corrosion (right branch)
 y - an amulet of magic regeneration (around neck)
Wands
 z - a wand of acid (9/15)
Scrolls
 d - 3 scrolls of teleportation {unknown}
 f - 2 scrolls of amnesia {unknown}
 h - a scroll of fog {unknown}
 i - a scroll of enchant weapon {unknown}
 j - 2 scrolls of recharging {unknown}
 m - 5 scrolls of identify {unknown}
 s - 3 scrolls of remove curse {unknown}
 t - a scroll of enchant armour {unknown}
 u - a scroll of magic mapping {unknown}
 A - a scroll of immolation {unknown}
Potions
 k - a potion of haste
 r - a potion of lignification
Books
 a - a book of Flames

   Spells                             Type                      Level
   a - Flame Tongue                   Conjuration/Fire             1
   b - Throw Flame                    Conjuration/Fire             2
   c - Conjure Flame                  Conjuration/Fire             3
   d - Inner Flame                    Hexes/Fire                   3
   e - Sticky Flame                   Conjuration/Fire             4
   f - Fireball                       Conjuration/Fire             5
Comestibles
 b - 5 bread rations
 c - 4 meat rations
 q - 4 fruits
 E - a chunk of flesh


   Skills:
 + Level 1.8 Fighting
 + Level 3.0 Short Blades
 + Level 3.5 Dodging
 + Level 2.4 Stealth
 * Level 5.9 Spellcasting
 * Level 4.0 Conjurations
 * Level 5.9 Fire Magic


You had 8 spell levels left.
You knew the following spells:

 Your Spells              Type           Power        Failure   Level  Hunger
a - Flame Tongue          Conj/Fire      ####.        1%          1    None
b - Sticky Flame          Conj/Fire      ####....     12%         4    ####...
c - Fireball              Conj/Fire      ####......   32%         5    #####..


Dungeon Overview and Level Annotations

Branches:
Dungeon (6/15)
 Temple: D:4-7

Altars:
Gozag
Hepliaklqana

Annotations:
D:6 wemp's ghost, novice TrMo


Innate Abilities, Weirdness & Mutations

((You can breathe bolts of dispelling energy.))
((Your rich purple scales are hard. (AC +6)))
You cannot fit into any form of body armour.
((You are cold-blooded and may be slowed by cold attacks.))
You are clumsy. (Dex -2)
You are weak. (Str -2)
Your spells are a little harder to cast, but a little more powerful.


Message History

Confirm with . or Enter, or press ? or * to list all spells.
Okay, then.
You swing at nothing.
The centaur shoots an arrow.
The arrow hits you but does no damage.
The centaur shoots an arrow.
The arrow hits you but does no damage.
You swing at nothing.
The centaur shoots an arrow.
The arrow hits you but does no damage.
You swing at nothing.
You flicker back into view.
Casting: Flame Tongue
Confirm with . or Enter, or press ? or * to list all spells.
The spell is very dangerous to cast!
Continue anyway?
Aiming: Fireball
Press: ? - help, Shift-Dir - straight line, f - wemp's ghost
Aim: wemp's ghost You miscast Fireball.
Nothing appears to happen.
You are near starving!
The centaur shoots an arrow.
The arrow hits you but does no damage.
The centaur shoots an arrow.
The arrow hits you.
You die...

........#............#
.......##÷#..........#
##....<#..........#
#.................#
#..#####..........#
#.>. ##..........#
..... #...........#
#.....####...........#
#.....#♣..(..........#
#....W(†###..........#
.....c.## #####.#.####
....... .#.# #....#.
.# # #....#. .. ....
## . #.#.


You could see a centaur and wemp's ghost.

Vanquished Creatures
  An ice beast (D:5)
  2 ogres
  3 sky beasts
  2 scorpions (D:5)
  4 killer bees (D:6)
  A hound (D:4)
  A jelly (D:4)
  An orc priest (D:3)
  5 orc wizards
  An iguana (D:6)
  A worker ant (D:3)
  A hound skeleton (D:6)
  A gnoll (D:1)
  2 adders
  A shadow imp (D:5)
  A worm (D:4)
  A dart slug (D:1)
  2 leopard geckos
  11 orcs
  9 bats
  2 giant cockroaches
  6 goblins
  5 hobgoblins
  7 jackals
  4 quokkas
  A ball python skeleton (D:4)
  2 frilled lizards (D:2)
  A giant cockroach zombie (D:5)
  5 kobolds
  6 rats
90 creatures vanquished.

Vanquished Creatures (others)
  A killer bee (D:6)
1 creature vanquished.

Grand Total: 91 creatures vanquished

Notes
Turn   | Place    | Note
-------+----------+-------------------------------------------
     0 | D:1      | BearKnight92 the Draconian Fire Elementalist began the quest for the Orb.
     0 | D:1      | Reached XP level 1. HP: 14/14 MP: 3/3
   112 | D:1      | Reached XP level 2. HP: 7/20 MP: 0/5
   121 | D:1      | HP: 1/20 [jackal (2)]
   160 | D:1      | HP: 1/20 [kobold/club (2)]
   182 | D:1      | HP: 1/20 [dart slug/slug dart (2)]
   222 | D:1      | Reached XP level 3. HP: 3/26 MP: 0/6
   629 | D:2      | Found a hazy altar of Hepliaklqana.
   784 | D:3      | Reached XP level 4. HP: 12/34 MP: 0/8
  1004 | D:3      | Learned a level 4 spell: Sticky Flame
  1465 | D:3      | Noticed a sky beast
  1769 | D:3      | Killed a sky beast
  1769 | D:3      | Reached skill level 1 in Short Blades
  1769 | D:3      | Reached XP level 5. HP: 25/39 MP: 1/9
  1910 | D:4      | Noticed an ogre
  1925 | D:4      | Killed an ogre
  1925 | D:4      | Reached XP level 6. HP: 33/46 MP: 1/11
  2514 | D:4      | Reached skill level 5 in Fire Magic
  2765 | D:5      | Entered Level 5 of the Dungeon
  2782 | D:5      | Reached skill level 1 in Fighting
  2782 | D:5      | Your scales start taking on a rich purple colour.
  2782 | D:5      | Reached XP level 7. HP: 52/52 MP: 1/13
  2998 | D:5      | Reached skill level 5 in Spellcasting
  3309 | D:5      | Learned a level 5 spell: Fireball
  3386 | D:5      | Found an opulent altar of Gozag.
  3480 | D:6      | Reached XP level 8. HP: 50/59 MP: 2/16
  3517 | D:6      | HP: 3/90 [centaur/arrow (3)]
  3518 | D:6      | Gained mutation: You are clumsy. (Dex -2) [potion of mutation]
  3518 | D:6      | Gained mutation: You are weak. (Str -2) [potion of mutation]
  3518 | D:6      | Gained mutation: Your spells are a little harder to cast, but a little more powerful. [potion of mutation]
  3528 | D:6      | HP: 4/90 [killer bee (1)]
  3530 | D:6      | HP: 1/90 [killer bee (2)]
  3531 | D:6      | Noticed wemp's ghost (novice TrMo)
  3543 | D:6      | Shot with an arrow by a centaur

Vault maps used:
D:1:      minmay_arrival_stair_chambers, hex_medium
D:2:      nicolae_overflow_crystal_walls
D:3:      minmay_door_path
D:4:      first_bread
D:5:      grunt_gozag_breadcrumbs
D:6:      uniq_eustachio

Skill      XL: |  1  2  3  4  5  6  7  8 |
---------------+-------------------------+-----
Dodging        | 2 3 |  3.5
Fire Magic     | 4 5 |  5.9
Conjurations   | 2 3 4 |  4.0
Short Blades   | 1 2 3 |  3.0
Spellcasting   | 3 4 5 |  5.9
Stealth        | 2 |  2.4
Fighting       | 1 |  1.8

Action                   |  1- 3 |  4- 6 |  7- 9 || total
-------------------------+-------+-------+-------++-------
Melee: Short sword       |    48 |   119 |    52 ||   219
       Tailslap          |     2 |    10 |     2 ||    14
 Cast: Flame Tongue      |    47 |    53 |    36 ||   136
       Sticky Flame      |       |    11 |     7 ||    18
       Fireball          |       |       |     4 ||     4
  Use: Potion            |     2 |     3 |    10 ||    15
 Stab: Invisible         |       |       |     2 ||     2
  Eat: Chunk             |       |     7 |     1 ||     8
       Meat ration       |       |     1 |       ||     1
Armor: Skin              |    19 |    51 |    82 ||   152
Dodge: Dodged            |    53 |    87 |    76 ||   216
